 Dungeon Sprint DCSS version 0.31-a0-1278-g11c5b68f87 (webtiles) character file.

Game seed: 5887998643773273279

267 bmb222 the Trooper (level 6, -7/53 HPs)
             Began as a Demonspawn Fighter on Dec 17, 2023.
             Was a Follower of Jiyva.
             Shot with an arrow by a deep elf archer (26 damage)
             ... in the Dungeon (Sprint V: "Ziggurat Sprint").
             The game lasted 00:02:09 (111 turns).

bmb222 the Trooper (Demonspawn Fighter)              Turns: 111, Time: 00:02:09

Health: -7/53      AC: 13    Str: 28    XL:     6   Next: 0%
Magic:  0/6        EV:  4    Int:  9    God:    Jiyva [*.....]
Gold:   0          SH:  0    Dex: 14    Spells: 5/5 levels left

rFire   . . .        S - +9 sword of Zonguldrok {reap}
rCold   . . .        L - +18 shield of the Gong {Loud rN+ Will+ rCorr EV-5}
rNeg    + . .        b - +0 scale mail
rPois   .            (no helmet)
rElec   .            (no cloak)
rCorr   +            (no gloves)
SInv    .            (no boots)
Will    +....        U - amulet of guardian spirit Stlth
                     F - +6 ring of strength
HPRegen 1.08/turn    G - +6 ring of strength
MPRegen 0.50/turn

%: no teleportation, guardian spirit
@: confused, sanguine armoured, hasted, very quick
A: sanguine armour 1, demonic magic 2
a: Renounce Religion


You were in the Dungeon.
You worshipped Jiyva.
Jiyva was aware of your devotion.
You visited 1 branch

Inventory:

Hand Weapons
 a - a +0 long sword
 M - the +27 heavy crossbow "Sniper" {heavy, Acc+∞ SInv}
   (You found it in the Dungeon)

   Acc+∞: It never misses its target.
   SInv:      It lets you see invisible.
 N - the +16 obsidian axe {drain, demonic, Mesm ^Drain Fly SInv}
   (You found it in the Dungeon)

   Mesm:      Its wielder is mesmerised by any visible foes, and it cannot be
   unequipped while any foes are visible.
   SInv:      It lets you see invisible.
   Fly:       It grants you flight.
   ^Drain:    It drains your maximum health when unequipped.
 O - the +11 Singing Sword {sonic wave}
   (You found it in the Dungeon)
 P - the +7 mace of Variability {chaos, chaos arc}
   (You found it in the Dungeon)
 Q - the +11 plutonium sword {^Contam Stlth-}
   (You found it in the Dungeon)

   ^Contam:   It causes magical contamination when unequipped.
   Stlth-:    It makes you less stealthy.
 R - the +9 sword of Power {lifebolt}
   (You found it in the Dungeon)
 S - the +9 sword of Zonguldrok (weapon) {reap}
   (You found it in the Dungeon)
Armour
 b - a +0 scale mail (worn)
 c - a +0 buckler
 k - a +5 crystal plate armour
 l - +5 gold dragon scales
 m - +5 shadow dragon scales
 n - a +3 kite shield
 o - an orb of mayhem
 p - a +3 tower shield
 L - the +18 shield of the Gong (worn) {Loud rN+ Will+ rCorr EV-5}
   (You found it in the Dungeon)

   Loud:      It is deafeningly noisy when blocking attacks.
   EV-5:      It affects your evasion (-5).
   rN+:       It protects you from negative energy.
   Will+:     It increases your willpower.
   rCorr:     It protects you from acid and corrosion.
Jewellery
 A - a ring of flight
 B - a +6 ring of dexterity
 C - a +6 ring of dexterity
 D - a +6 ring of intelligence
 E - a +6 ring of intelligence
 F - a +6 ring of strength (left hand)
 G - a +6 ring of strength (right hand)
 U - an amulet of guardian spirit (around neck)
 V - a ring of protection from cold
Talismans
 H - a beast talisman
 I - a blade talisman
 J - a maw talisman
 K - a serpent talisman
Wands
 x - a wand of mindburst (7)
 y - a wand of iceblast (7)
 z - a wand of light (7)
 T - a wand of polymorph (5)
Scrolls
 j - 4 scrolls of blinking
 q - 4 scrolls of amnesia
 r - 7 scrolls of fog
 s - 5 scrolls of identify
 t - 2 scrolls of fear
Potions
 d - 6 potions of might
 e - 10 potions of curing
 f - 8 potions of heal wounds
 g - 5 potions of haste
 h - 7 potions of magic
 i - 3 potions of berserk rage
 u - 2 potions of brilliance
 v - 2 potions of invisibility
 w - 4 potions of resistance


   Skills:
 + Level 6.9 Fighting
 + Level 6.6 Long Blades
 + Level 6.1 Armour
 + Level 0.7 Dodging
 + Level 6.8 Shields


You had 5 spell levels left.
You didn't know any spells.
Your spell library was empty.

Dungeon Overview and Level Annotations

Branches:
Dungeon (1/1)

Altars:
Ashenzari
Cheibriados
Dithmenos
Fedhas
Gozag
Hepliaklqana
Kikubaaqudgha
Makhleb
Nemelex Xobeh
Okawaru
Qazlal
Ru
Sif Muna
Trog
Uskayaw
Vehumet
Wu Jian
Xom
Yredelemnul
Jiyva
Lugonu

Annotations:
D 1 transporter


Innate Abilities, Weirdness & Mutations

When seriously injured, your blood forms armour. (AC +6)
Spells you cast may paralyse nearby enemies.


Message History

GONNNNG!
You hear a distant slurping noise.
Your iguana zombie bites the +0 dire flail of protection but does no damage.
The +0 dire flail of protection hits you!
Your blood congeals into armour.
You block the orc high priest's attack.
BOUMMMMG!
The deep elf archer unwields a +0 short sword.
The deep elf archer wields a +0 shortbow.
The deep elf archer shoots an arrow.
PTOANNNG!
You block the arrow.
The deep elf archer casts a spell at you.
You are confused.
You feel yourself speed up.
The +0 dire flail of protection hits you!!
You hear a distant slurping noise.
Your iguana zombie completely misses the +0 dire flail of protection.
The orc high priest intones a terrible prayer.
The orc high priest barely misses you.
The deep elf archer shoots an arrow.
The arrow hits you but does no damage.
The +0 dire flail of protection hits you.
* * * LOW HITPOINT WARNING * * *
The deep elf archer mumbles some strange words.
The deep elf archer blinks!
You feel much better.
You hear a distant slurping noise. x2
The +0 dire flail of protection hits you!!
* * * LOW HITPOINT WARNING * * *
Your iguana zombie bites the +0 dire flail of protection but does no damage.
The orc high priest hits you with a +0 halberd.
* * * LOW HITPOINT WARNING * * *
You hear a distant slurping noise.
You feel much better.
Your blood armour dries and flakes away.
You hear a distant slurping noise.
The deep elf archer shoots an arrow.
The arrow hits you!!
Your blood congeals into armour.
The deep elf archer unwields a +0 short sword.
The deep elf archer wields a +0 shortbow.
The deep elf archer shoots an arrow.
The arrow hits you!!
You die...

▓.....▓.....▓.....▓
▓.....▓.....▓..©..▓
▓..©..▓..©..▓▓▓▓▓▓▓
▓▓▓▓▓▓▓▓▓▓▓▓▓▓
▓..8©8...▓
▓..=/:...▓
▓...)....▓
▓...(o...▓
▓..Z@....▓
▓.▓....▓e▓
▓...©e...▓
▓▓▓▓▓▓▓▓▓▓


You could see an orc high priest, 2 deep elf archers, a +0 dire flail of
protection (ally target) and a friendly iguana zombie.

Vanquished Creatures
  A yak (D)
  3 iguanas (D)
  An adder (D)
  2 white imps (D)
  2 ball pythons (D)
9 creatures vanquished.

Vanquished Creatures (others)
  3 juggernauts (shapeshifter) (D)
  10 titans (shapeshifter) (D)
  7 rockslimes (shapeshifter) (D)
  A formless jellyfish (D)
  An ettin (shapeshifter) (D)
  2 entropy weavers (shapeshifter) (D)
  2 two-headed ogres (shapeshifter) (D)
  2 shock serpents (shapeshifter) (D)
  A fire crab (shapeshifter) (D)
  A sea snake (shapeshifter) (D)
  3 glowing orange brains (shapeshifter) (D)
  A swamp dragon (shapeshifter) (D)
  3 deep trolls (shapeshifter) (D)
  4 orb spiders (shapeshifter) (D)
  2 death drakes (shapeshifter) (D)
  2 lindwurms (shapeshifter) (D)
  2 steelbarb worms (shapeshifter) (D)
  A glowing shapeshifter (D)
  A faun (shapeshifter) (D)
  A salamander (shapeshifter) (D)
  A shining eye (shapeshifter) (D)
  3 elephants (shapeshifter) (D)
  A cyclops (shapeshifter) (D)
  A moth of wrath (shapeshifter) (D)
  3 eyes of devastation (shapeshifter) (D)
  A guardian serpent (shapeshifter) (D)
  A water nymph (shapeshifter) (D)
  A black mamba (shapeshifter) (D)
  A torpor snail (shapeshifter) (D)
  A yaktaur (shapeshifter) (D)
  A komodo dragon (shapeshifter) (D)
  2 trolls (shapeshifter) (D)
  2 merfolk (shapeshifter) (D)
  A merfolk (D)
  A tyrant leech (shapeshifter) (D)
  A polar bear (shapeshifter) (D)
  A hornet (shapeshifter) (D)
  2 dream sheep (shapeshifter) (D)
  A glass eye (shapeshifter) (D)
  3 tarantellas (shapeshifter) (D)
  4 snapping turtles (shapeshifter) (D)
  2 raiju (shapeshifter) (D)
  3 jumping spiders (shapeshifter) (D)
  A slime creature (shapeshifter) (D)
  2 culicivoras (shapeshifter) (D)
  A spriggan (shapeshifter) (D)
  A golden eye (shapeshifter) (D)
  A hog (shapeshifter) (D)
  A human (shapeshifter) (D)
  A basilisk (shapeshifter) (D)
  3 redbacks (shapeshifter) (D)
  A steam dragon (shapeshifter) (D)
  3 swamp worms (shapeshifter) (D)
  2 ice beasts (shapeshifter) (D)
  A centaur (shapeshifter) (D)
  An iguana (shapeshifter) (D)
  An adder zombie (D)
  2 ball python zombies (D)
110 creatures vanquished.

Grand Total: 119 creatures vanquished

Notes
Turn   | Place    | Note
-------+----------+-------------------------------------------
     0 | D        | bmb222 the Demonspawn Fighter began the quest for the Orb.
     0 | D        | Reached XP level 1. HP: 18/18 MP: 1/1
     3 | D        | Found a blossoming altar of Fedhas.
     3 | D        | Found the +6 Majin-Bo {spellvamp, MP+6 Int+6}
     3 | D        | Found the +27 heavy crossbow "Sniper" {heavy, Acc+∞ SInv}
     3 | D        | Found the +10 dark maul {heavy}
     3 | D        | Found the +15 Maxwell's patent armour {-Cast -Tele rElec
                  | Will+ rCorr}
     3 | D        | Found the +18 shield of the Gong {Loud rN+ Will+ rCorr
                  | EV-5}
     3 | D        | Found the +16 obsidian axe {drain, demonic, Mesm ^Drain Fly
                  | SInv}
     3 | D        | Found the +7 great mace "Firestarter" {flame, immolate,
                  | rFlCloud rF++}
     3 | D        | Found the +6 shillelagh "Devastator" {shatter}
     3 | D        | Found the +11 plutonium sword {^Contam Stlth-}
     3 | D        | Found the +8 lance "Wyrmbane" {slay drac, rPois rF+ rC+
                  | AC+3}
     3 | D        | Found the +9 sword of Zonguldrok {reap}
     3 | D        | Found the +13 scythe of Curses {drain, curses, ^Drain}
     3 | D        | Found the +9 sword of Power {lifebolt}
     3 | D        | Found the +7 mace of Variability {chaos, chaos arc}
     3 | D        | Found the +11 Singing Sword {sonic wave}
     3 | D        | Found the +8 storm bow {elec, penet}
     5 | D        | Found a viscous altar of Jiyva.
     5 | D        | Found a hazy altar of Hepliaklqana.
     5 | D        | Found a transporter.
     5 | D        | Found an opulent altar of Gozag.
     5 | D        | Found an ancient bone altar of Kikubaaqudgha.
     5 | D        | Found a corrupted altar of Lugonu.
     8 | D        | Found a burning altar of Makhleb.
     9 | D        | Found a sacrificial altar of Ru.
     9 | D        | Found a shimmering blue altar of Sif Muna.
     9 | D        | Found a stormy altar of Qazlal.
     9 | D        | Found a bloodstained altar of Trog.
     9 | D        | Found an iron altar of Okawaru.
     9 | D        | Found a sparkling altar of Nemelex Xobeh.
    14 | D        | Gained mutation: Spells you cast may paralyse adjacent
                  | enemies. [demonic ancestry]
    14 | D        | Reached XP level 2. HP: 26/26 MP: 2/2
    51 | D        | Became a worshipper of Jiyva Juroih the Shapeless
    51 | D        | Killed an ettin
    51 | D        | Killed an elephant
    52 | D        | Killed a rockslime
    52 | D        | Killed a rockslime
    52 | D        | Killed a glass eye
    52 | D        | Killed a glowing shapeshifter
    52 | D        | Killed a dream sheep
    52 | D        | Killed a jumping spider
    53 | D        | Killed a shock serpent
    53 | D        | Killed a glowing orange brain
    53 | D        | Killed a steelbarb worm
    53 | D        | Killed a moth of wrath
    54 | D        | Killed a golden eye
    54 | D        | Killed a titan
    54 | D        | Killed a titan
    54 | D        | Killed a shining eye
    54 | D        | Killed a death drake
    55 | D        | Entered arena 2.
    55 | D        | Killed a cyclops
    55 | D        | Found a transporter.
    55 | D        | Killed a formless jellyfish
    55 | D        | Killed a tarantella
    56 | D        | Killed a rockslime
    56 | D        | Killed a rockslime
    56 | D        | Killed a tyrant leech
    56 | D        | Killed a glowing orange brain
    56 | D        | Killed a lindwurm
    56 | D        | Killed a glowing orange brain
    56 | D        | Killed a water nymph
    56 | D        | Killed a death drake
    57 | D        | Killed a merfolk
    57 | D        | Killed an orb spider
    57 | D        | Killed a juggernaut
    57 | D        | Killed a snapping turtle
    57 | D        | Killed a jumping spider
    57 | D        | Killed a faun
    58 | D        | Killed a merfolk
    58 | D        | Killed a redback
    58 | D        | Killed a dream sheep
    58 | D        | Killed an ice beast
    58 | D        | Killed a steelbarb worm
    58 | D        | Killed a deep troll
    58 | D        | Killed a two-headed ogre
    58 | D        | Killed a tarantella
    59 | D        | Killed a deep troll
    59 | D        | Killed a titan
    59 | D        | Killed a spriggan
    59 | D        | Killed a troll
    59 | D        | Killed an ice beast
    59 | D        | Killed a titan
    59 | D        | Killed a black mamba
    59 | D        | Killed a shock serpent
    59 | D        | Killed a swamp worm
    59 | D        | Killed a titan
    60 | D        | Killed a redback
    60 | D        | Killed a swamp dragon
    61 | D        | Killed an orb spider
    61 | D        | Killed an orb spider
    61 | D        | Killed a polar bear
    61 | D        | Killed a titan
    61 | D        | Killed a culicivora
    61 | D        | Killed an eye of devastation
    61 | D        | Killed a juggernaut
    62 | D        | Killed a hog
    62 | D        | Killed a sea snake
    62 | D        | Killed a culicivora
    62 | D        | Killed a raiju
    63 | D        | Killed a redback
    63 | D        | Killed a yaktaur
    63 | D        | Killed a swamp worm
    63 | D        | Killed a snapping turtle
    64 | D        | Killed a hornet
    64 | D        | Killed a centaur
    64 | D        | Killed a snapping turtle
    64 | D        | Killed an entropy weaver
    64 | D        | Killed a rockslime
    64 | D        | Killed a titan
    65 | D        | Killed a guardian serpent
    65 | D        | Killed a deep troll
    65 | D        | Killed a slime creature
    65 | D        | Killed an elephant
    65 | D        | Killed a rockslime
    65 | D        | Killed a troll
    66 | D        | Killed a komodo dragon
    66 | D        | Killed a salamander
    66 | D        | Killed an eye of devastation
    66 | D        | Killed a tarantella
    66 | D        | Killed a titan
    67 | D        | Entered arena 3.
    67 | D        | Killed a jumping spider
    67 | D        | Killed an eye of devastation
    67 | D        | Found a transporter.
    68 | D        | Killed a snapping turtle
    68 | D        | Killed a rockslime
    68 | D        | Killed a raiju
    68 | D        | Killed a swamp worm
    70 | D        | Reached skill level 5 in Fighting
    70 | D        | Killed a fire crab
    70 | D        | Killed a two-headed ogre
    71 | D        | Killed an orb spider
    72 | D        | Killed an entropy weaver
    73 | D        | Killed a basilisk
    73 | D        | Killed a torpor snail
    73 | D        | Killed an elephant
    75 | D        | Killed a human
    76 | D        | Gained mutation: When seriously injured, your blood forms
                  | armour. (AC +6) [demonic ancestry]
    76 | D        | Reached XP level 3. HP: 33/33 MP: 3/3
    78 | D        | Killed a juggernaut
    81 | D        | Killed a steam dragon
    84 | D        | Killed a merfolk
    84 | D        | Killed a lindwurm
    87 | D        | Entered arena 4.
    87 | D        | Noticed a yak
    87 | D        | Killed a titan
    87 | D        | Found a transporter.
    91 | D        | Reached skill level 5 in Shields
    91 | D        | Killed a titan
    92 | D        | Reached skill level 5 in Armour
    92 | D        | Gained mutation: Spells you cast may paralyse nearby
                  | enemies. [demonic ancestry]
    92 | D        | Reached XP level 4. HP: 40/40 MP: 4/4
    94 | D        | Reached skill level 5 in Long Blades
    96 | D        | Killed a yak
    97 | D        | Reached XP level 5. HP: 34/47 MP: 3/5
    97 | D        | Reached XP level 6. HP: 38/53 MP: 3/6
   103 | D        | Entered arena 5.
   103 | D        | Noticed a +0 dire flail of protection
   103 | D        | Noticed a deep elf archer
   103 | D        | Noticed an orc high priest
   103 | D        | Noticed a deep elf archer
   103 | D        | Reached * piety under Jiyva
   103 | D        | Found a transporter.
   111 | D        | Shot with an arrow by a deep elf archer

Illustrated notes

Levels and vault maps discovered:
D:        sprint_v [room_start, room_1, room_2, room_3, room_4, room_5, room_6,
          room_7, room_8, room_9, room_10, room_11, room_12, room_13, room_14,
          room_15, room_16, room_17, room_18, room_19, room_20, room_21,
          room_22, room_23, room_24, room_25, room_26, room_27]

Skill      XL: |  1  2  3  4 |
---------------+-------------+-----
Fighting       | 4 5 6 |  6.9
Long Blades    | 3 4 6 |  6.6
Armour         | 4 5 6 |  6.1
Shields        | 4 5 6 |  6.8
Dodging        | |  0.7

Action                     |  1- 3 |  4- 6 || total
---------------------------+-------+-------++-------
  Melee: Double sword      |    15 |     8 ||    23
    Use: Potion            |     1 |     3 ||     4
 Armour: Scale mail        |     5 |    11 ||    16
  Dodge: Dodged            |     2 |     2 ||     4
  Block: Kite shield       |    28 |    16 ||    44

Table legend: (Time is in decaauts)
 A = Elapsed time spent in this place.
 B = Non-inter-level travel time spent in this place.
 C = Inter-level travel time spent in this place.
 D = Time resting spent in this place.
 E = Time spent auto-exploring this place.
 F = Levels seen in this place.
 G = Mean time per level.
                   A        B        C        D        E       F      G
               +--------+--------+--------+--------+--------+-----+--------+
         Total |    118 |    118 |      0 |      0 |      0 |   1 |  118.0 |
       Dungeon |    118 |    118 |      0 |      0 |      0 |   1 |  118.0 |
               +--------+--------+--------+--------+--------+-----+--------+

Top non-repeatable levels by time:
       D: 118 daAuts
